 Dungeon Crawl Stone Soup version 0.28.0-43-g3370ac3207 (webtiles) character file.

Game seed: 9756358673850922322

6251 protoss039 the Thaumaturge (level 10, -3/84 HPs)
             Began as a Deep Elf Fire Elementalist on Mar 23, 2022.
             Was a Believer of Sif Muna.
             Killed from afar by a rime drake (shapeshifter) (25 damage)
             ... with a flash freeze
             ... on level 10 of the Dungeon.
             The game lasted 00:20:25 (12510 turns).

protoss039 the Thaumaturge (DEFE)                  Turns: 12510, Time: 00:20:25

Health: -3/84      AC: 25    Str:  5    XL:     10   Next: 62%
Magic:  1/28       EV:  2    Int: 25    God:    Sif Muna [**....]
Gold:   336        SH:  0    Dex: 15    Spells: 18/34 levels left

rFire   + . .      SeeInvis .   a - staff of fire
rCold   + . .      Faith    .   A - orb {light}
rNeg    . . .      Spirit   .   (armour currently unavailable)
rPois   +          Reflect  .   (helmet currently unavailable)
rElec   .          Harm     .   (cloak currently unavailable)
rCorr   .          Rampage  .   (gloves currently unavailable)
Will    +....      NoTele   +   (boots currently unavailable)
Stlth   +.........              (no amulet)
HPRegen 0.24/turn               o - ring of protection from cold
MPRegen 0.21/turn               (no ring)

@: tree-form, glowing
A: stationary, stasis, torment immunity, boosted hp
a: Renounce Religion, Channel Magic


You were on level 10 of the Dungeon.
You worshipped Sif Muna.
Sif Muna was pleased with you.
You were a tree.
You visited 2 branches of the dungeon, and saw 11 of its levels.

You collected 578 gold pieces.
You spent 242 gold pieces at shops.

Inventory:

Missiles
 h - 2 throwing nets
Armour
 w - a +2 robe of willpower (melded)
 x - a +2 cloak (melded)
 A - an orb of light (worn)
Magical Staves
 a - a staff of fire (weapon)
Jewellery
 o - a ring of protection from cold (left branch)
Wands
 j - a wand of charming (4)
 p - a wand of mindburst (6)
 q - a wand of acid (8)
 y - a wand of iceblast (14)
Scrolls
 b - 2 scrolls of enchant weapon
 c - 2 scrolls of identify
 f - 2 scrolls of magic mapping
 i - 4 scrolls of teleportation
 l - a scroll of fog {unknown}
 n - a scroll of fear
 r - a scroll of holy word {unknown}
 s - 2 scrolls of enchant armour {unknown}
 t - a scroll of summoning {unknown}
 v - 3 scrolls of noise {unknown}
Potions
 e - a potion of curing
 g - 2 potions of might
 k - 2 potions of mutation
 m - 2 potions of flight
 u - 2 potions of resistance {unknown}
 z - a potion of invisibility


   Skills:
 * Level 3.3 Fighting
 - Level 3.0 Dodging
 - Level 3.0 Stealth
 + Level 12.7 Spellcasting
 + Level 6.5 Conjurations
 - Level 3.0 Hexes
 + Level 10.4 Fire Magic
 - Level 3.0 Earth Magic
 * Level 4.1 Invocations


You had 18 spell levels left.
You knew the following spells:

 Your Spells              Type           Power      Damage    Failure   Level
a - Foxfire               Conj/Fire      100%       2x1d9     1%          1
b - Scorch                Fire           100%       2d10      1%          2
c - Conjure Flame         Conj/Fire      72%        6-21      1%          3
d - Inner Flame           Hex/Fire       65%        N/A       1%          3
e - Flame Wave            Conj/Fire      72%        2d13      1%          4
f - Stone Arrow           Conj/Erth      78%        3d11      1%          3

Your spell library contained the following spells:

 Spells                   Type           Power      Damage    Failure   Level
 Corpse Rot               Necr/Air       30%        N/A       5%          2
 Poisonous Vapours        Pois/Air       30%        N/A       5%          2
 Animate Armour           Summ/Erth      46%        N/A       21%         4
 Summon Ice Beast         Ice/Summ       15%        N/A       36%         4
 Summon Mana Viper        Hex/Summ       23%        N/A       50%         5
 Monstrous Menagerie      Summ           7%         N/A       100%        7
 Lehudib's Crystal Spear  Conj/Erth      19%        10d6      100%        8


Dungeon Overview and Level Annotations

Branches:
Dungeon (10/15)            Temple (1/1) D:5            Lair (0/6) D:9
    Orc (0/2) D:9

Altars:
Ashenzari
Cheibriados
Elyvilon
Fedhas
Gozag
Kikubaaqudgha
Makhleb
Okawaru
Qazlal
Ru
Sif Muna
Vehumet
Wu Jian
Xom
Zin

Shops:
D:2 ?   D:7 [   D:10 [

Annotations:
D:3 exclusion: oklob plant
D:4 2 transporters, Manslay's ghost, amateur OpCj
D:9 3 runed translucent doors, dxctxrx's ghost, journeyman DjFE


Message History

The troll is lightly wounded.
The foxfire hits the troll.
Flame seeps out of the troll.
The troll is moderately wounded.
The troll is engulfed in blazing flames.
Flame seeps out of the troll.
Unknown command.
Unknown command.
Unknown command.
Casting: Inner Flame (safe; 1% risk of failure)
Confirm with . or Enter, or press ? or * to list all spells.
You feel a surge of power!
You conjure some foxfire!
The yak changes into a rime drake!
The troll bites you. The troll claws you.
The troll claws you but does no damage.
Unknown command.
Unknown command.
You hit the troll but do no damage.
The troll is heavily wounded.
The foxfire hits the troll.
Flame seeps out of the troll.
The troll is heavily wounded.
The foxfire hits the troll but does no damage.
The troll is heavily wounded.
The troll is engulfed in blazing flames.
Flame seeps out of the troll.
The troll bites you but does no damage. The troll claws you but does no damage.
The troll claws you.
The rime drake is engulfed in blazing flames.
Unknown command.
Unknown command.
You hit the troll.
Flame seeps out of the troll.
The troll is almost dead.
The troll is engulfed in blazing flames.
Sif Muna accepts your kill.
The troll leather armour is intact enough to wear.
The troll explodes!
The fiery explosion engulfs you! You resist.
* * * LOW HITPOINT WARNING * * *
The fiery explosion engulfs the rime drake!
The rime drake is severely wounded.
The rime drake breathes ice at you. The flash freeze hits you!!
You partially resist.
You die...

##.................##.
##
###.[.............###
# ##..........#..## #
####....#..#..#
#.####..#.##
#..###....#
##.##...### ##....###
###°♣.###y.
###(§k###T.#
#..)###.Y# #.##..?#
#...###c.# ###? #..#
## #.. #


You could see a rime drake shaped shifter (catching breath).

Vanquished Creatures
  A two-headed ogre (D:6)
  A cyclops (D:10)
  3 trolls
  Eustachio (D:5)
  A vampire (D:10)
  A wraith (D:10)
  A wyvern (D:8)
  5 yaks (D:10)
  A warg (D:9)
  Edmund (D:6)
  2 ice beasts
  A black bear (D:6)
  2 necrophages
  A sky beast (D:6)
  4 orc warriors
  2 ogres
  2 centaurs
  2 kobold brigands
  4 bullfrogs
  A water moccasin skeleton (D:6)
  5 killer bees (D:8)
  9 wights
  6 howler monkeys
  A centaur zombie (D:5)
  A bullfrog zombie (D:6)
  A centaur skeleton (D:7)
  3 hounds
  A jelly (D:4)
  2 gnoll shamans
  5 orc priests
  3 iguanas
  3 orc wizards (D:9)
  2 killer bee zombies
  7 gnolls
  9 adders
  2 white imps
  An ufetubus (D:6)
  An adder skeleton (D:5)
  2 worms
  2 dart slugs
  47 orcs
  6 ball pythons
  3 endoplasms
  3 giant cockroaches
  4 hobgoblins
  6 jackals
  8 kobolds
  6 quokkas
  7 bats
  6 frilled lizards
  5 goblins
  3 rats
207 creatures vanquished.

Vanquished Creatures (collateral kills)
  A foxfire (D:8)
1 creature vanquished.

Vanquished Creatures (others)
  689 foxfires
  5 fungi (D:8)
694 creatures vanquished.

Grand Total: 902 creatures vanquished

Notes
Turn   | Place    | Note
-------+----------+-------------------------------------------
     0 | D:1      | protoss039 the Deep Elf Fire Elementalist began the quest
                  | for the Orb.
     0 | D:1      | Reached XP level 1. HP: 10/10 MP: 6/6
   427 | D:1      | Reached XP level 2. HP: 15/15 MP: 5/8
   630 | D:1      | Found a faded altar of an unknown god.
  1199 | D:1      | Learned a level 2 spell: Scorch
  1348 | D:2      | Found Cuemypp's Magic Scroll Shop.
  1353 | D:2      | Reached XP level 3. HP: 19/19 MP: 4/9
  1664 | D:2      | Bought a scroll of teleportation for 30 gold pieces
  1664 | D:2      | Bought a scroll of identify for 20 gold pieces
  1848 | D:2      | Reached XP level 4. HP: 24/24 MP: 8/11
  2053 | D:2      | Reached skill level 4 in Spellcasting
  2175 | D:2      | Learned a level 3 spell: Conjure Flame
  2179 | D:2      | Learned a level 3 spell: Inner Flame
  2263 | D:3      | Found a broken altar of Ashenzari.
  2436 | D:3      | Found a blossoming altar of Fedhas.
  2458 | D:3      | Noticed an oklob plant
  3476 | D:4      | Reached XP level 5. HP: 28/28 MP: 10/14
  3520 | D:4      | Reached skill level 5 in Spellcasting
  3704 | D:4      | Reached skill level 5 in Fire Magic
  3875 | D:4      | Learned a level 4 spell: Flame Wave
  4115 | D:4      | Found a transporter.
  4116 | D:4      | Noticed Manslay's ghost (amateur OpCj)
  4184 | D:4      | Reached XP level 6. HP: 26/32 MP: 9/16
  4353 | D:4      | Found a transporter.
  4742 | D:5      | Entered Level 5 of the Dungeon
  4742 | D:5      | Found a staircase to the Ecumenical Temple.
  4750 | Temple   | Entered the Ecumenical Temple
  4763 | Temple   | Became a worshipper of Sif Muna the Loreminder
  4782 | D:5      | Noticed Eustachio
  4789 | D:5      | Reached skill level 6 in Spellcasting
  4797 | D:5      | Killed Eustachio
  4798 | D:5      | Reached XP level 7. HP: 23/36 MP: 4/18
  5511 | D:5      | Found a shimmering altar of Xom.
  5635 | D:5      | Reached skill level 7 in Spellcasting
  5967 | D:5      | Learned a level 3 spell: Stone Arrow
  6061 | D:6      | Found an opulent altar of Gozag.
  6092 | D:6      | Reached skill level 1 in Hexes
  6124 | D:6      | Noticed a two-headed ogre
  6131 | D:6      | Killed a two-headed ogre
  6132 | D:6      | Reached skill level 9 in Spellcasting
  6132 | D:6      | Reached skill level 5 in Conjurations
  6132 | D:6      | Reached XP level 8. HP: 27/41 MP: 10/23
  6341 | D:6      | Noticed Edmund
  6348 | D:6      | Killed Edmund
  6794 | D:6      | Reached skill level 10 in Spellcasting
  6794 | D:6      | Reached XP level 9. HP: 45/45 MP: 18/25
  6922 | D:6      | Reached * piety under Sif Muna
  7813 | D:7      | Found Nurghihof's Antique Armour Emporium.
  7936 | D:7      | Reached skill level 1 in Earth Magic
  7936 | D:7      | Reached skill level 1 in Invocations
  7994 | D:7      | Reached skill level 1 in Fighting
  8157 | D:7      | Found a radiant altar of Vehumet.
  8499 | D:8      | Found an ornate altar of the Wu Jian Council.
  8708 | D:8      | Reached skill level 11 in Spellcasting
  8786 | D:8      | Found a snail-covered altar of Cheibriados.
  9281 | D:8      | Reached ** piety under Sif Muna
 10285 | D:9      | Found a stormy altar of Qazlal.
 10296 | D:9      | HP: 3/72 [poisoned by a kobold]
 10299 | D:9      | Reached XP level 10. HP: 9/53 MP: 3/27
 10796 | D:9      | Found a runed translucent gate.
 10797 | D:9      | Found a runed translucent gate.
 10797 | D:9      | Found a runed translucent gate.
 10798 | D:9      | Noticed dxctxrx's ghost (journeyman DjFE)
 10924 | D:9      | Found a staircase to the Lair.
 11000 | D:9      | Found a staircase to the Orcish Mines.
 11640 | D:10     | Entered Level 10 of the Dungeon
 11762 | D:10     | Found Oxaat's Armour Shoppe.
 11772 | D:10     | Bought an orb of light for 192 gold pieces
 11843 | D:10     | Reached skill level 12 in Spellcasting
 12066 | D:10     | Reached skill level 10 in Fire Magic
 12493 | D:10     | Noticed a cyclops
 12501 | D:10     | Killed a cyclops
 12510 | D:10     | Killed from afar by a rime drake (shapeshifter)

Illustrated notes

Levels and vault maps discovered:
D:1:      zaba_arrival_water, layout_basic,
          shapermc_ecumenical_altar_totnotflames, minmay_misc_feat_rows,
          minmay_tall_x
D:2:      layout_rooms, serial_shops, shop
D:3:      layout_basic, tgw_fedhas, evilmike_ruin_ashenzari, serial_glass,
          glass_columns_a, glass_columns_a
D:4:      layout_loops_cross, gammafunk_ghost_stat_death
D:5:      layout_layer_cave, lemuel_tele_altar,
          minmay_temple_entry_drinking_statues, uniq_eustachio
D:6:      layout_cave_pools, grunt_gozag_breadcrumbs, serial_co_window_serial,
          co_window_of_opportunity_a, co_window_of_opportunity_a,
          co_window_of_opportunity_a, co_window_paths_b, co_window_paths_b,
          co_window_broadway_c, co_window_unsneaky_path_e, co_window_corner_b,
          co_window_corner_b, glass_columns_a, glass_columns_a, st_stairs_1,
          minmay_checkerbox, uniq_edmund
D:7:      layout_loops_ring, mainiacjoe_overflow_chevrons, serial_shops,
          nicolae_take_the_stairs, minmay_strange_pillars
D:8:      layout_rooms, mainiacjoe_overflow_boulevard,
          nicolae_wu_jian_wuxing_cycle, serial_co_window_serial,
          co_window_of_opportunity_a, co_window_corner_a, co_window_corner_a,
          co_window_of_opportunity_a, co_window_of_opportunity_a,
          co_window_2corner, co_window_corner_b, co_window_corner_cb,
          co_window_paths_c, co_window_corner_cb, glass_columns_c,
          glass_columns_b, special_room [special_room_orc]
D:9:      layout_stronghold, mainiacjoe_overflow_brackets, lair_entry_dummy,
          erik_orc_4, gammafunk_ghost_spectres
D:10:     minmay_the_grid_four_pointed_star_mashed
          [minmay_the_grid_triangle_9x9_warning,
          minmay_the_grid_triangle_9x9_stretched_checkered,
          minmay_the_grid_triangle_9x9_tough_junction,
          minmay_the_grid_triangle_9x9_zippers_vertical,
          minmay_the_grid_prize_four_corners_diamond_b], layout_cave_pods,
          serial_shops, nicolae_diamond_shop
Temple:   zaba_magenta_temple

Skill      XL: |  1  2  3  4  5  6  7  8  9 10 |
---------------+-------------------------------+-----
Stealth        | 3 |  3.0
Fire Magic     | 4 5 7 8 9 10 | 10.4
Dodging        | 3 |  3.0
Spellcasting   | 4 5 6 9 10 11 12 | 12.7
Conjurations   | 2 3 5 6 |  6.5
Hexes          | 2 3 |  3.0
Earth Magic    | 2 3 |  3.0
Invocations    | 2 4 |  4.1
Fighting       | 2 3 |  3.3

Action                   |  1- 3 |  4- 6 |  7- 9 | 10-12 || total
-------------------------+-------+-------+-------+-------++-------
Melee: Unarmed           |    35 |       |       |       ||    35
       Dagger            |     4 |    34 |       |       ||    38
       Short sword       |       |     4 |       |       ||     4
       Staff             |       |       |     2 |     2 ||     4
 Cast: Foxfire           |    67 |   120 |   154 |    54 ||   395
       Scorch            |     3 |     6 |    66 |    25 ||   100
       Conjure Flame     |       |     1 |     5 |       ||     6
       Inner Flame       |       |       |    28 |    25 ||    53
       Flame Wave        |       |       |     7 |       ||     7
       Stone Arrow       |       |       |     1 |     3 ||     4
  Use: Scroll            |     2 |     4 |     2 |     4 ||    12
       Potion            |       |       |     2 |     5 ||     7
 Stab: Sleeping          |     1 |     1 |       |       ||     2
Armor: Robe              |    17 |     8 |     8 |     1 ||    34
       Skin              |       |       |     4 |     9 ||    13
Dodge: Dodged            |    47 |    46 |    23 |     4 ||   120
